 Dungeon Crawl Stone Soup version 0.32-a0-705-g60f2335 (webtiles) character file.

Game seed: 12562087028757517071

567 Dorkslayer the Ruffian (level 7, -3/46 HPs)
             Began as an Octopode Fighter on Mar 14, 2024.
             Slain by Blork the orc
             ... wielding a +5 hand axe of flaming
              (10 damage)
             ... on level 4 of the Dungeon.
             The game lasted 00:06:36 (2626 turns).

Dorkslayer the Ruffian (Octopode Fighter)           Turns: 2626, Time: 00:06:36

Health: -3/46      AC:  1    Str: 17    XL:     7   Next: 33%
Magic:  7/7        EV: 12    Int: 11    God:
Gold:   295        SH:  4    Dex: 11    Spells: 6/6 levels left

rFire   . .          .
                       - Unarmed
rCold   . . .        a - +0 buckler
rNeg    + . .        (helmet restricted)
rPois   .            (no amulet)
rElec   .            f - ring of flight
rCorr   .            g - ring of positive energy
SInv    .            (no ring)
Will    .....        (no ring)
Stlth   +++          (no ring)
HPRegen 0.27/turn    (no ring)
MPRegen 0.10/turn    (no ring)
                     (no ring)

%: no passive effects
@: flying
A: almost no armour, amphibious, 8 rings, camouflage 1, gelatinous body 1,
(nimble swimmer 1), tentacles
a: no special abilities


You were on level 4 of the Dungeon.
You visited 1 branch of the dungeon, and saw 4 of its levels.

You collected 295 gold pieces.

Inventory:

Hand Weapons
 h - a +0 morningstar of protection
 i - a +3 mace of holy wrath
Missiles
 e - 5 javelins (quivered)
Armour
 a - a +0 buckler (worn)
Jewellery
 f - a ring of flight (left tentacle)
 g - a ring of positive energy (right tentacle)
Wands
 j - a wand of charming (12)
Scrolls
 c - 2 scrolls of identify
 m - a scroll of fear {unknown}
Potions
 b - a potion of brilliance
 d - a potion of lignification
 k - a potion of enlightenment


   Skills:
 + Level 3.3 Fighting
 + Level 1.4 Maces & Flails
 + Level 0.5 Throwing
 + Level 4.0 Dodging
 + Level 3.9 Stealth
 + Level 3.5 Shields
 * Level 5.8 Unarmed Combat
 * Level 0.1 Evocations


You had 6 spell levels left.
You didn't know any spells.
Your spell library was empty.

Dungeon Overview and Level Annotations

Branches:
Dungeon (4/15)
 Temple: D:4-7

Altars:
Cheibriados
Xom
The Shining One

Annotations:
D:4 Blork the orc


Innate Abilities, Weirdness & Mutations

You cannot wear most types of armour.
You are amphibious.
You can wear up to eight rings at the same time.
Your skin changes colour to match your surroundings (Stealth+).
Your rubbery body absorbs attacks. (AC +1, EV +1)
((You are camouflaged when in or above water. (Stealth+)))
You have tentacles for arms and can constrict up to eight enemies at once.


Message History

You bludgeon the endoplasm!
You kill the endoplasm!
Found 5 gold pieces.
Blork the orc and a hound come into view.
Blork the orc is wielding a +5 hand axe of flaming and wearing a +2 robe of fire resistance.
Found a scroll labelled YVOROT UXYNE.
The hound barks!
You see here a scroll labelled GYMEAM SUMAP.
m - a scroll labelled GYMEAM SUMAP Blork the orc shouts!
You block the hound's attack.
You tentacle-slap the hound. Your grab misses the hound.
The hound is moderately wounded.
The hound bites you. The hound misses you.
You barely miss the hound. Your grab misses the hound.
Your squeeze misses the hound.
The hound is moderately wounded.
The hound barely misses you.
You barely miss Blork the orc. Your grab misses Blork the orc.
Your squeeze misses Blork the orc. The hound barely misses you.
Blork the orc hits you with a +5 hand axe of flaming!
Blork the orc burns you.
The hound pauses to sniff the ground.
The hound bites you.
You barely miss Blork the orc. You grab Blork the orc.
You squeeze Blork the orc.
Blork the orc is moderately wounded.
You constrict Blork the orc. The hound bites you.
Blork the orc hits you with a +5 hand axe of flaming!
* * * LOW HITPOINT WARNING * * *
Blork the orc burns you.
* * * LOW HITPOINT WARNING * * *
Okay, then.
Okay, then.
As you read the scroll labelled GUICWU YSMI, it crumbles to dust.
It is a scroll of enchant weapon.
Your +2 mace of holy wrath glows red for a moment.
You constrict Blork the orc. The hound barely misses you.
Blork the orc hits you with a +5 hand axe of flaming!
You die...

#...#.......###........
. #..
#.##....#.#......... ..
## ## #..............?.
##...............
#..#...#........
#..##.##.......
#...##..#....#
#.........ho.####.
#.........@.......
##..#.....#.......
#.###...###......
#..#.....#....#..
##...#........# .
##......$##..#
...#..... .## #..... ##


You could see Blork the orc and a hound.

Vanquished Creatures
  Edmund (D:4)
  An ogre (D:4)
  A jelly (D:4)
  4 crimson imps (D:3)
  A bombardier beetle (D:4)
  Crazy Yiuf (D:3)
  3 gnolls (D:4)
  5 adders
  3 ribbon worms
  2 orcs
  2 endoplasms
  5 giant cockroaches
  9 goblins
  5 hobgoblins
  6 jackals
  2 kobolds
  3 ball pythons
  4 bats
  A frilled lizard (D:1)
  5 rats
64 creatures vanquished.

Notes
Turn   | Place    | Note
-------+----------+-------------------------------------------
     0 | D:1      | Dorkslayer the Octopode Fighter began the quest for the
                  | Orb.
     0 | D:1      | Reached XP level 1. HP: 16/16 MP: 1/1
   359 | D:1      | Reached XP level 2. HP: 14/21 MP: 2/2
   790 | D:1      | Reached skill level 1 in Stealth
  1015 | D:2      | Reached XP level 3. HP: 26/26 MP: 3/3
  1026 | D:2      | Found a glowing golden altar of the Shining One.
  1542 | D:3      | Reached skill level 3 in Unarmed Combat
  1542 | D:3      | Reached XP level 4. HP: 23/31 MP: 4/4
  1777 | D:3      | Found a shimmering altar of Xom.
  1806 | D:3      | Reached XP level 5. HP: 28/36 MP: 5/5
  1810 | D:3      | Reached skill level 4 in Unarmed Combat
  1992 | D:3      | Found a runed translucent door.
  1993 | D:3      | Noticed Crazy Yiuf
  1999 | D:3      | Killed Crazy Yiuf
  2105 | D:3      | Reached XP level 6. HP: 42/42 MP: 6/6
  2368 | D:4      | Reached skill level 5 in Unarmed Combat
  2426 | D:4      | Noticed Edmund
  2442 | D:4      | Reached skill level 1 in Maces & Flails
  2448 | D:4      | Killed Edmund
  2449 | D:4      | Reached XP level 7. HP: 45/46 MP: 7/7
  2524 | D:4      | Found a snail-covered altar of Cheibriados.
  2619 | D:4      | Noticed Blork the orc
  2626 | D:4      | Slain by Blork the orc

Illustrated notes

Levels and vault maps discovered:
D:1:      evilmike_arrival_plus, layout_basic
D:2:      layout_rooms, basic_altar
D:3:      minmay_general_purpose_star, layout_loops_cross, led_xom_imps,
          uniq_crazy_yiuf_cottage
D:4:      layout_cave_pools, mainiacjoe_overflow_brackets,
          amcnicky_altar_gilded, minmay_strange_pillars, uniq_blork_the_orc,
          uniq_edmund

Skill      XL: |  1  2  3  4  5  6 |
---------------+-------------------+-----
Stealth        | 1 2 3 |  3.9
Unarmed Combat | 3 4 5 |  5.8
Maces & Flails | 1 |  1.4
Dodging        | 4 |  4.0
Fighting       | |  3.3
Throwing       | |  0.5
Shields        | |  3.5
Evocations     | |  0.1

Action                     |  1- 3 |  4- 6 |  7- 9 || total
---------------------------+-------+-------+-------++-------
  Melee: Unarmed           |    64 |    72 |     8 ||   144
         Constrict         |    23 |    18 |     1 ||    42
         Tentacles         |    10 |    19 |     2 ||    31
         Punch             |     2 |     1 |       ||     3
         Mace              |       |     2 |       ||     2
  Throw: Javelin           |       |     9 |       ||     9
    Use: Scroll            |     1 |     2 |     4 ||     7
         Potion            |       |     1 |       ||     1
   Stab: Sleeping          |     7 |     1 |       ||     8
 Armour: Skin              |    26 |    26 |     7 ||    59
  Dodge: Dodged            |    32 |    48 |     4 ||    84
  Block: Buckler           |    11 |    11 |     2 ||    24

Table legend: (Time is in decaauts)
 A = Elapsed time spent in this place.
 B = Non-inter-level travel time spent in this place.
 C = Inter-level travel time spent in this place.
 D = Time resting spent in this place.
 E = Time spent auto-exploring this place.
 F = Levels seen in this place.
 G = Mean time per level.
                   A        B        C        D        E       F      G
               +--------+--------+--------+--------+--------+-----+--------+
         Total |   2622 |   2622 |      0 |     51 |   1597 |   4 |  655.5 |
       Dungeon |   2622 |   2622 |      0 |     51 |   1597 |   4 |  655.5 |
               +--------+--------+--------+--------+--------+-----+--------+

Top non-repeatable levels by time:
     D:1: 963 daAuts
     D:3: 841 daAuts
     D:2: 450 daAuts
     D:4: 367 daAuts
